 Dungeon Crawl Stone Soup version 0.21.1-1-g345015f (webtiles) character file.

1992 wojtek the Cleaver (level 9, -5/70 HPs)
             Began as a Minotaur Fighter on June 26, 2018.
             Slain by an orc warrior
             ... wielding a +0 dire flail of holy wrath
              (13 damage)
             ... on level 6 of the Dungeon.
             The game lasted 00:06:22 (4947 turns).

wojtek the Cleaver (Minotaur Fighter)               Turns: 4947, Time: 00:06:23

Health: -5/70      AC:  8    Str: 24    XL:     9   Next: 1%
Magic:  8/8        EV:  7    Int:  5    God:
Gold:   378        SH:  9    Dex: 10    Spells: 8/8 levels left

rFire    . . .     SeeInvis .   a - +0 war axe
rCold    . . .     Gourm    .   c - +0 shield
rNeg     . . .     Faith    .   b - +0 scale mail
rPois    .         Spirit   .   (helmet restricted)
rElec    .         Reflect  .   s - +0 cloak
rCorr    .         Harm     .   (no gloves)
MR       .....                  (no boots)
Stlth    ..........             e - amulet of regeneration
HPRegen  0.61/turn              (no ring)
MPRegen  0.11/turn              (no ring)

@: no status effects
A: retaliatory headbutt, horns 2
a: no special abilities


You were on level 6 of the Dungeon.
You were not hungry.

You visited 1 branch of the dungeon, and saw 6 of its levels.

You collected 378 gold pieces.

Inventory:

Hand Weapons
 a - a +0 war axe (weapon)
Armour
 b - a +0 scale mail (worn)
 c - a +0 shield (worn)
 s - a +0 cloak (worn)
Jewellery
 e - an amulet of regeneration (around neck)
 k - an uncursed amulet of guardian spirit
 m - an uncursed ring of protection from fire {unknown}
Wands
 v - a wand of paralysis (17)
 z - a wand of acid (14)
Scrolls
 g - 5 scrolls of teleportation {unknown}
 h - a scroll of fog {unknown}
 i - a scroll of magic mapping {unknown}
 j - 4 scrolls of fear {unknown}
 n - 5 scrolls of remove curse {unknown}
 p - 2 scrolls of amnesia {unknown}
 t - a scroll of enchant armour {unknown}
 x - a scroll of blinking {unknown}
 y - 4 scrolls of identify {unknown}
 B - a scroll of noise {unknown}
Potions
 d - 3 potions of might
 l - 3 potions of heal wounds {unknown}
 o - 2 potions of magic {unknown}
 q - 2 potions of mutation {unknown}
 r - 3 potions of curing {unknown}
 u - a potion of degeneration {unknown}
 A - 2 potions of haste {unknown}
Books
 w - a book of Misfortune

   Spells                             Type                      Level
   a - Confusing Touch                Hexes                        1
   b - Confuse                        Hexes                        3
   c - Gell's Gravitas                Translocation                3
   d - Petrify                        Transmutation/Earth          4
   e - Metabolic Englaciation         Hexes/Ice                    5
   f - Yara's Violent Unravelling     Hexes/Transmutation          5
Comestibles
 f - 8 rations
 C - a chunk of flesh


   Skills:
 - Level 3.6 Fighting
 + Level 13.6 Axes
 - Level 3.6 Armour
 - Level 3.6 Shields


You had 8 spell levels left.
You didn't know any spells.

Dungeon Overview and Level Annotations

Branches:
Dungeon (6/15)
 Temple: D:4-7

Altars:
Ashenzari
Nemelex Xobeh
Qazlal
Ru
Trog
Wu Jian

Shops:
D:6 =


Innate Abilities, Weirdness & Mutations

You reflexively headbutt those who attack you in melee.
You have a pair of horns on your head.


Message History

You hit the orc warrior.
The orc warrior is almost dead.
The orc warrior hits you with a dire flail of holy wrath!
You hit the orc warrior. Your headbutt misses the orc warrior.
The orc warrior is almost dead.
The orc warrior hits you but does no damage.
You hit the orc warrior but do no damage.
Your headbutt misses the orc warrior.
The orc warrior is almost dead.
You hit the orc warrior. Your headbutt misses the orc warrior.
The orc warrior is almost dead.
The orc warrior hits you with a dire flail of holy wrath!!
* * * LOW HITPOINT WARNING * * *
Your shield and scale mail prevent you from hitting the orc warrior.
The orc warrior is almost dead.
You block the orc warrior's attack.
You barely miss the orc warrior. Your headbutt misses the orc warrior.
The orc warrior is almost dead.
The orc warrior hits you with a dire flail of holy wrath!
You die...

#.# #.# ###### #.#
#..... #.# #.....
#.# #..... #{#
#...## #o# #...#.
#@# #.#####...#.
#.# #.........#.
#.##########'#..#.
#..........'∩+..#.
#####....###'#..#.
#....###....#.
#.....###...#.
##....# ...#.
###....# ...#.


You could see an orc warrior.

Vanquished Creatures
  The ghost of execc the Cudgeler, a novice OpBe of Trog (D:6)
  Sigmund (D:6)
  Edmund (D:4)
  A water moccasin (D:5)
  A sky beast (D:5)
  A phantom (D:5)
  2 ogres
  A centaur (D:5)
  3 bullfrogs (D:6)
  A howler monkey (D:6)
  A centaur zombie (D:5)
  A bullfrog zombie (D:6)
  A hound (D:4)
  Crazy Yiuf (D:3)
  3 orc priests (D:4)
  2 iguanas
  2 orc wizards (D:4)
  Natasha (twice) (D:2)
  2 worker ants
  4 adders
  2 shadow imps
  An ooze (D:3)
  2 dart slugs (D:1)
  8 leopard geckos
  12 orcs
  7 giant cockroaches
  10 goblins
  7 hobgoblins
  3 jackals (D:3)
  A quokka (D:3)
  A ball python skeleton (D:5)
  2 bats (D:1)
  6 frilled lizards
  A jackal skeleton (D:4)
  5 kobolds (D:1)
  3 rats
103 creatures vanquished.

Notes
Turn   | Place    | Note
-------+----------+-------------------------------------------
     0 | D:1      | wojtek the Minotaur Fighter began the quest for the Orb.
     0 | D:1      | Reached XP level 1. HP: 19/19 MP: 0/0
    56 | D:1      | Reached skill level 3 in Axes
    87 | D:1      | Reached XP level 2. HP: 26/26 MP: 1/1
   237 | D:1      | Found a shattered altar of Ashenzari.
   326 | D:1      | Reached skill level 4 in Axes
   776 | D:2      | Reached XP level 3. HP: 31/31 MP: 2/2
  1158 | D:2      | Noticed Natasha
  1161 | D:2      | Killed Natasha
  1161 | D:2      | Reached skill level 5 in Axes
  1495 | D:2      | Noticed Natasha
  1501 | D:2      | Killed Natasha
  1501 | D:2      | Reached XP level 4. HP: 36/39 MP: 3/3
  1613 | D:3      | Found a glowing drain.
  1704 | D:3      | Reached skill level 6 in Axes
  2116 | D:3      | Found a runed door.
  2173 | D:3      | Found a sparkling altar of Nemelex Xobeh.
  2333 | D:3      | Noticed Crazy Yiuf
  2342 | D:3      | Killed Crazy Yiuf
  2342 | D:3      | Reached XP level 5. HP: 29/45 MP: 4/4
  2386 | D:3      | Reached skill level 7 in Axes
  2421 | D:4      | Reached XP level 6. HP: 25/51 MP: 5/5
  2502 | D:4      | Found a bloodstained altar of Trog.
  2502 | D:4      | Found a stormy altar of Qazlal.
  2538 | D:4      | Reached skill level 8 in Axes
  2550 | D:4      | Noticed Edmund
  2562 | D:4      | Killed Edmund
  2562 | D:4      | Reached skill level 9 in Axes
  2657 | D:4      | Reached XP level 7. HP: 30/57 MP: 6/6
  2891 | D:5      | Entered Level 5 of the Dungeon
  2899 | D:5      | Reached skill level 10 in Axes
  3243 | D:5      | Reached skill level 11 in Axes
  3266 | D:5      | Reached XP level 8. HP: 64/64 MP: 7/7
  3583 | D:5      | Found an ornate altar of the Wu Jian Council.
  3924 | D:6      | Found a shattered altar of Ashenzari.
  3969 | D:6      | Reached skill level 12 in Axes
  4134 | D:6      | Noticed Sigmund
  4164 | D:6      | Killed Sigmund
  4350 | D:6      | Found a sacrificial altar of Ru.
  4369 | D:6      | Noticed execc's ghost (novice OpBe)
  4400 | D:6      | Killed execc's ghost
  4400 | D:6      | Reached skill level 13 in Axes
  4783 | D:6      | Reached XP level 9. HP: 70/70 MP: 8/8
  4905 | D:6      | Found Xeefaytt's Jewellery Boutique.
  4947 | D:6      | Slain by an orc warrior

Skill      XL: |  1  2  3  4  5  6  7  8 |
---------------+-------------------------+-----
Axes           | 3 4 5 6 7 9 11 13 | 13.6
Fighting       | |  3.6
Armour         | |  3.6
Shields        | |  3.6

Action                   |  1- 3 |  4- 6 |  7- 9 || total
-------------------------+-------+-------+-------++-------
Melee: War axe           |   111 |   124 |   166 ||   401
       Headbutt          |    14 |    15 |    27 ||    56
  Eat: Chunk             |     2 |     4 |     7 ||    13
Armor: Scale mail        |    45 |    42 |    39 ||   126
Dodge: Dodged            |    32 |    44 |    26 ||   102
Block: Shield            |    61 |    56 |    47 ||   164
